 Dungeon Crawl Stone Soup version 0.31-a0-1074-g0b22e4e0f1 (webtiles) character file.

Game seed: 14792162850935957509

1617 BubbleThief the Fighter (level 8, -4/77 (82) HPs)
             Began as a Naga Venom Mage on Dec 5, 2023.
             Was an Initiate of Elyvilon.
             Slain by a wight
             ... wielding a +4 morningstar
              (16 damage)
             ... on level 6 of the Dungeon.
             The game lasted 00:16:23 (5926 turns).

BubbleThief the Fighter (Naga Venom Mage)           Turns: 5926, Time: 00:16:23

HP:   -4/77 (82)    AC:  6    Str: 11    XL:     8   Next: 96%
MP:   17/17         EV:  9    Int: 18    God:    Elyvilon [......]
Gold: 239           SH:  0    Dex: 16    Spells: 11/19 levels left

rFire   . . .        p - +1 mace (holy)
rCold   . . .        (no shield)
rNeg    . . .        h - +1 leather armour of the Endless Expanse {Dex+5}
rPois   +            (no helmet)
rElec   .            x - +0 cloak {rPois}
rCorr   .            (no gloves)
SInv    +            (no barding)
Will    +....        (no amulet)
Stlth   ++           (no ring)
HPRegen 0.32/turn    (no ring)
MPRegen 0.15/turn

%: no passive effects
@: drained, very slow
A: AC +2, large, see invisible, deformed body, poison resistance, slowness 2,
spit poison 1, naga tail 1
a: Spit Poison, Renounce Religion


You were on level 6 of the Dungeon.
You worshipped Elyvilon.
Elyvilon was noncommittal.
You visited 2 branches of the dungeon, and saw 7 of its levels.

You collected 239 gold pieces.

Inventory:

Hand Weapons
 p - a +1 mace of holy wrath (weapon)
 r - a +1 dagger of venom
Armour
 a - a +0 robe
 h - the +1 leather armour of the Endless Expanse (worn) {Dex+5}
   (You found it on level 2 of the Dungeon)

   Dex+5:     It affects your dexterity (+5).
 q - +0 storm dragon scales
 x - a +0 cloak of poison resistance (worn)
Jewellery
 o - an amulet of guardian spirit
Talismans
 l - a serpent talisman
Wands
 e - a wand of mindburst (3)
 s - a wand of polymorph (17)
Scrolls
 c - 8 scrolls of identify {unknown}
 d - 2 scrolls of teleportation {unknown}
 f - a scroll of revelation {unknown}
 i - 4 scrolls of noise {unknown}
 m - a scroll of brand weapon {unknown}
 n - 2 scrolls of poison {unknown}
 t - a scroll of immolation {unknown}
 v - a scroll of blinking {unknown}
 y - a scroll of amnesia {unknown}
 A - a scroll of vulnerability {unknown}
Potions
 b - a potion of magic
 g - a potion of heal wounds {unknown}
 j - 2 potions of cancellation {unknown}
 k - 2 potions of curing {unknown}
 u - a potion of brilliance {unknown}
 w - a potion of attraction {unknown}
 z - a potion of enlightenment {unknown}


   Skills:
 + Level 8.3 Fighting
 - Level 1.5 Dodging
 - Level 3.0 Stealth
 - Level 6.0 Spellcasting
 - Level 1.0 Transmutations
 - Level 6.0 Poison Magic


You had 11 spell levels left.
You knew the following spells:

 Your Spells              Type           Power      Damage    Failure   Level
a - Sting                 Tmut/Pois      72%        1d6       3%          1
b - Olgreb's Toxic Radia  Pois           27%        N/A       13%         4
c - Mephitic Cloud        Conj/Pois/Air  12%        N/A       21%         3

Your spell library contained the following spells:

 Spells                   Type           Power      Damage    Failure   Level
 Poisonous Vapours        Pois/Air       32%        N/A       7%          2


Dungeon Overview and Level Annotations

Branches:
Dungeon (6/15)             Temple (1/1) D:6

Altars:
Ashenzari
Cheibriados
Dithmenos
Elyvilon
Fedhas
Gozag
Hepliaklqana
Kikubaaqudgha
Makhleb
Nemelex Xobeh
Okawaru
Qazlal
Ru
Sif Muna
Trog
Uskayaw
Vehumet
Wu Jian
Xom
Yredelemnul
Zin
The Shining One


Innate Abilities, Weirdness & Mutations

Your serpentine skin is tough. (AC +2)
You have supernaturally acute eyesight. (SInv)
Armour fits poorly on your strangely shaped body.
Your system is resistant to poisons. (rPois)
You cover ground very slowly.
You can spit poison.
You have a snake-like lower body.


Message History

The wight throws a stone.
The stone hits you but does no damage.
The wight throws a stone.
The stone hits you.
The wight throws a stone.
The stone hits you.
There is a staircase to the Ecumenical Temple here.
You climb downwards.
Welcome to the Ecumenical Temple!
Found a staircase back to the Dungeon.
There is a staircase back to the Dungeon here.
HP restored.
Done exploring.
There is an iron altar of Okawaru here.
There is a white marble altar of Elyvilon here.
You coil in front of the altar of Elyvilon.
Elyvilon welcomes you!
There is a fountain of clear blue water here.
There is a staircase back to the Dungeon here.
You climb upwards.
Welcome back to the Dungeon!
The wight throws a stone.
The stone hits you but does no damage.
There is a staircase to the Ecumenical Temple here.
The wight throws a stone.
The stone hits you. Why would you want to do that?
The wight throws a stone.
The stone hits you.
You enter the shallow water.
The wight throws a stone.
The stone hits you.
The wight throws a stone.
The stone hits you but does no damage.
You hit the wight but do no damage.
The wight hits you with a +4 morningstar!
You feel drained.
You barely miss the wight.
The wight hits you with a +4 morningstar! x2
You hit the wight but do no damage.
The wight hits you with a +4 morningstar!
You feel drained.
You hit the wight but do no damage.
The wight hits you with a +4 morningstar.
The wight hits you with a +4 morningstar!
* * * LOW HITPOINT WARNING * * *
You hit the wight.
The wight convulses!
The wight is almost destroyed.
The wight hits you with a +4 morningstar!
You die...

#..≈≈≈≈≈≈...≈≈≈≈≈≈.
#..≈≈≈≈≈~≈≈≈≈≈≈≈≈≈.
#...≈≈≈~~≈≈≈≈≈≈≈≈..
#.....≈~≈≈≈≈≈≈≈....
#.......≈≈≈≈≈......
#..................
##.#.###<..########
#z..# ###.# #@###
#.# #.# #####.##
#.# #......# #.#
#.###..# #.#
#.###..# #.#
#...#..###### #.#
#...#........ #.#
#...#.####### #.#
#....)#


You could see a wight.

Vanquished Creatures
  Sigmund (D:4)
  Eustachio (D:4)
  Edmund (D:4)
  An ogre (D:4)
  2 kobold brigands (D:5)
  3 phantoms
  A gnoll sergeant (D:6)
  A scorpion (D:6)
  3 jellies (D:5)
  An orc priest (D:5)
  Crazy Yiuf (D:4)
  A gnoll bouda (D:4)
  3 hounds
  2 iguanas (D:4)
  16 gnolls
  4 adders
  2 worms
  A dart slug (D:4)
  14 orcs
  6 bats
  11 endoplasms
  4 giant cockroaches
  8 hobgoblins
  7 jackals
  5 quokkas
  6 ball pythons
  5 frilled lizards
  11 goblins
  8 kobolds
  12 rats
142 creatures vanquished.

Notes
Turn   | Place    | Note
-------+----------+-------------------------------------------
     0 | D:1      | BubbleThief the Naga Venom Mage began the quest for the
                  | Orb.
     0 | D:1      | Reached XP level 1. HP: 15/15 MP: 3/3
   142 | D:1      | Reached skill level 5 in Poison Magic
   142 | D:1      | Reached XP level 2. HP: 10/22 MP: 0/5
   288 | D:1      | Reached XP level 3. HP: 27/28 MP: 2/6
  1024 | D:1      | Reached XP level 4. HP: 35/37 MP: 2/7
  1316 | D:2      | Reached skill level 1 in Fighting
  1366 | D:2      | Learned a level 4 spell: Olgreb's Toxic Radiance
  1374 | D:2      | Identified the +1 leather armour of the Endless Expanse
                  | {Dex+5}
  2197 | D:3      | Reached XP level 5. HP: 32/45 MP: 5/9
  2201 | D:3      | Learned a level 3 spell: Mephitic Cloud
  2260 | D:3      | Reached skill level 2 in Fighting
  2607 | D:3      | Found a faded altar of an unknown god.
  2638 | D:3      | Found a snail-covered altar of Cheibriados.
  2638 | D:3      | Found a sacrificial altar of Ru.
  2638 | D:3      | Found a bloodstained altar of Trog.
  2916 | D:4      | Noticed Eustachio
  2947 | D:4      | Killed Eustachio
  2948 | D:4      | Reached skill level 3 in Fighting
  2948 | D:4      | Reached XP level 6. HP: 39/56 MP: 1/11
  3173 | D:4      | Noticed Edmund
  3187 | D:4      | Killed Edmund
  3188 | D:4      | Reached skill level 4 in Fighting
  3188 | D:4      | Reached XP level 7. HP: 48/66 MP: 3/13
  3581 | D:4      | Found a runed translucent door.
  3582 | D:4      | Noticed Crazy Yiuf
  3633 | D:4      | Found a glowing silver altar of Zin.
  3644 | D:4      | Noticed Sigmund
  3658 | D:4      | Killed Sigmund
  3659 | D:4      | Reached skill level 5 in Fighting
  3659 | D:4      | Reached skill level 5 in Spellcasting
  3891 | D:4      | Found an ancient bone altar of Kikubaaqudgha.
  3945 | D:4      | Reached XP level 8. HP: 75/75 MP: 9/16
  3993 | D:4      | Found Jacitrea's Jewellery Boutique.
  4163 | D:4      | Killed Crazy Yiuf
  4210 | D:5      | Entered Level 5 of the Dungeon
  4536 | D:5      | Reached skill level 6 in Fighting
  5216 | D:5      | Reached skill level 7 in Fighting
  5655 | D:6      | Reached skill level 8 in Fighting
  5719 | D:6      | Found a staircase to the Ecumenical Temple.
  5754 | Temple   | Entered the Ecumenical Temple
  5827 | Temple   | Became a worshipper of Elyvilon the Healer
  5926 | D:6      | Slain by a wight

Illustrated notes

Levels and vault maps discovered:
D:1:      dpeg_arrival_rhombus, layout_loops_corners
D:2:      layout_basic, minmay_bisected
D:3:      layout_basic, gammafunk_temple_overflow_claw,
          ebering_ecumenical_altar_box
D:4:      layout_basic, mainiacjoe_overflow_swirl, serial_shops,
          nicolae_shop_real_fake_doors, uniq_sigmund, uniq_crazy_yiuf_cottage,
          uniq_eustachio, uniq_edmund
D:5:      layout_gridville, minivault_1, corexii_hall_statues_u,
          amcnicky_mini_corridor_feature, st_stairs_2
D:6:      layout_loops_ring, temple_pool_b, grunt_decor_resistance
Temple:   minmay_temple_bridge_d

Skill      XL: |  1  2  3  4  5  6  7  8 |
---------------+-------------------------+-----
Poison Magic   | 5 6 |  6.0
Fighting       | 1 3 4 5 8 |  8.3
Spellcasting   | 3 4 5 6 |  6.0
Dodging        | |  1.5
Stealth        | |  3.0
Transmutations | |  1.0

Action                     |  1- 3 |  4- 6 |  7- 9 || total
---------------------------+-------+-------+-------++-------
  Melee: Unarmed           |     5 |       |       ||     5
         Dagger            |       |    25 |    53 ||    78
         Whip              |       |     4 |       ||     4
         Punch             |       |       |     2 ||     2
         Mace              |       |       |    28 ||    28
   Cast: Sting             |    41 |    48 |    49 ||   138
         Olgreb's Toxic Ra |       |     8 |    12 ||    20
         Mephitic Cloud    |       |     1 |     1 ||     2
Ability: Spit Poison       |    30 |    42 |    17 ||    89
  Evoke: Wand              |       |       |     2 ||     2
   Stab: Confused          |       |     1 |       ||     1
 Armour: Robe              |    18 |     1 |       ||    19
         Leather armour    |       |    43 |   112 ||   155
  Dodge: Dodged            |    10 |    28 |    61 ||    99

Table legend: (Time is in decaauts)
 A = Elapsed time spent in this place.
 B = Non-inter-level travel time spent in this place.
 C = Inter-level travel time spent in this place.
 D = Time resting spent in this place.
 E = Time spent auto-exploring this place.
 F = Levels seen in this place.
 G = Mean time per level.
                   A        B        C        D        E       F      G
               +--------+--------+--------+--------+--------+-----+--------+
         Total |   7294 |   6890 |    404 |      0 |   5783 |   7 | 1042.0 |
       Dungeon |   7091 |   6886 |    205 |      0 |   5782 |   6 | 1181.8 |
        Temple |    202 |      4 |    198 |      0 |      1 |   1 |  202.0 |
               +--------+--------+--------+--------+--------+-----+--------+

Top non-repeatable levels by time:
     D:1: 1615 daAuts
     D:4: 1610 daAuts
     D:5: 1571 daAuts
     D:2: 995 daAuts
     D:3: 989 daAuts
     D:6: 309 daAuts
  Temple: 202 daAuts
